 Dungeon Crawl Stone Soup version 0.32-a0-931-g5a2cda0630 (webtiles) character file.

Game seed: 10512869849687542647

21 Meejax the Ducker (level 2, -1/22 HPs)
             Began as a Demonspawn Gladiator on Apr 13, 2024.
             Slain by a cerulean imp
             ... wielding a +2 spear
             ... summoned by Natasha
              (3 damage)
             ... on level 2 of the Dungeon.
             The game lasted 00:00:48 (690 turns).

Meejax the Ducker (Demonspawn Gladiator)             Turns: 690, Time: 00:00:48

Health: -1/22      AC:  4    Str: 14    XL:     2   Next: 65%
Magic:  2/2        EV: 11    Int:  8    God:
Gold:   58         SH:  0    Dex: 14    Spells: 1/1 levels left

rFire   . . .        a - +0 flail
rCold   . . .        (no shield)
rNeg    . . .        b - +0 leather armour
rPois   .            c - +0 helmet
rElec   .            (no cloak)
rCorr   .            (no gloves)
SInv    .            (no boots)
Will    .....        (no amulet)
Stlth   +            (no ring)
HPRegen 0.23/turn    (no ring)
MPRegen 0.08/turn

%: no passive effects
@: no status effects
A: weakness stinger 1
a: no special abilities


You were on level 2 of the Dungeon.
You visited 1 branch of the dungeon, and saw 2 of its levels.

You collected 58 gold pieces.

Inventory:

Hand Weapons
 a - a +0 flail (weapon)
Missiles
 d - 3 throwing nets (quivered)
 e - a javelin
Armour
 b - a +0 leather armour (worn)
 c - a +0 helmet (worn)
Scrolls
 g - a scroll of acquirement {unknown}
 h - a scroll of torment {unknown}
Potions
 f - 2 potions of cancellation {unknown}


   Skills:
 + Level 2.1 Fighting
 + Level 3.1 Maces & Flails
 + Level 1.7 Throwing
 + Level 3.2 Dodging


You had one spell level left.
You didn't know any spells.
Your spell library was empty.

Dungeon Overview and Level Annotations

Branches:
Dungeon (2/15)

Altars:

Shops:
D:1 :

Annotations:
D:2 Natasha


Innate Abilities, Weirdness & Mutations

You have a small tail.


Message History

You kill the endoplasm!
There is a stone staircase leading down here.
You see here a +0 leather armour.
Key pressed, stopping explore.
Done exploring.
Done exploring.
There is a shaft here.
There is an escape hatch in the floor here.
You slide downwards.
The hatch slams shut behind you.
You thump the dart slug!
You kill the dart slug!
Natasha mumbles some strange words.
Natasha glows brightly for a moment.
You see here a dart slug corpse.
You barely miss Natasha. Natasha barely misses you.
Natasha mumbles some strange words.
You miss Natasha.
Natasha mumbles some strange words.
The cerulean imp hits you but does no damage.
You sock Natasha! You tail-slap Natasha.
Natasha is severely wounded.
Natasha closely misses you.
The cerulean imp hits you with a +2 spear.
The cerulean imp hits you from afar with a +1 spear.
You barely miss Natasha. You tail-slap Natasha.
Natasha is almost dead.
Natasha claws you!
The cerulean imp hits you with a +2 spear.
* * * LOW HITPOINT WARNING * * *
The cerulean imp hits you from afar with a +1 spear.
* * * LOW HITPOINT WARNING * * *
You hit Natasha.
Natasha is almost dead.
Natasha closely misses you. The cerulean imp barely misses you.
The cerulean imp closely misses you. Natasha claws you but does no damage.
Unknown command.
You closely miss Natasha.
Natasha is almost dead.
The cerulean imp hits you with a +2 spear.
You die...

. .. ... ..####
...## ##5.####
...####5.....###
#...h@........#
#.###....#.##.#
#....# # #....#
#....# #....#
#....# ######


You could see Natasha and 2 cerulean imps.

Vanquished Creatures
  2 dart slugs
  A ball python (D:1)
  2 endoplasms (D:1)
  A goblin (D:1)
  A hobgoblin (D:1)
  2 quokkas (D:1)
  3 frilled lizards (D:1)
  3 kobolds (D:1)
  3 rats (D:1)
18 creatures vanquished.

Notes
Turn   | Place    | Note
-------+----------+-------------------------------------------
     0 | D:1      | Meejax the Demonspawn Gladiator began the quest for the
                  | Orb.
     0 | D:1      | Reached XP level 1. HP: 16/16 MP: 1/1
     6 | D:1      | Noticed a snapping turtle
     6 | D:1      | Noticed a swamp drake
     6 | D:1      | Noticed a lindwurm
     7 | D:1      | Noticed a killer bee
     7 | D:1      | Noticed a wolf
   165 | D:1      | Gained mutation: You have a small tail. [demonic ancestry]
   165 | D:1      | Reached XP level 2. HP: 22/22 MP: 2/2
   324 | D:1      | Found Xast's Book Boutique.
   681 | D:2      | Noticed Natasha
   690 | D:2      | Slain by a cerulean imp

Illustrated notes

Levels and vault maps discovered:
D:1:      onia_arrival_zoo_common, layout_loops_ring, serial_shops,
          nicolae_shop_waterfront, nicolae_concentric_dashed_squares_wild
D:2:      layout_basic, serial_shops, shop, basic_altar, uniq_natasha

Skill      XL: |  1  2 |
---------------+-------+-----
Dodging        | 3 |  3.2
Maces & Flails | 3 |  3.1
Fighting       | |  2.1
Throwing       | |  1.7

Action                     || total
---------------------------++-------
  Melee: Flail             ||    42
         Tailslap          ||     5
 Armour: Leather armour    ||    25
  Dodge: Dodged            ||    25

Table legend: (Time is in decaauts)
 A = Elapsed time spent in this place.
 B = Non-inter-level travel time spent in this place.
 C = Inter-level travel time spent in this place.
 D = Time resting spent in this place.
 E = Time spent auto-exploring this place.
 F = Levels seen in this place.
 G = Mean time per level.
                   A        B        C        D        E       F      G
               +--------+--------+--------+--------+--------+-----+--------+
         Total |    700 |    661 |     39 |      0 |    542 |   2 |  350.0 |
       Dungeon |    700 |    661 |     39 |      0 |    542 |   2 |  350.0 |
               +--------+--------+--------+--------+--------+-----+--------+

Top non-repeatable levels by time:
     D:1: 690 daAuts
     D:2: 10 daAuts
